 Dungeon Crawl Stone Soup version 0.18.1-48-g4cf74bf (webtiles) character file.

107 Alarkh the Shooter (level 4, -4/33 HPs)
             Began as a Mummy Hunter on Sept 4, 2016.
             Killed by divine providence
             ... invoked by an orc priest
              (12 damage)
             ... on level 4 of the Dungeon.
             The game lasted 00:03:58 (2246 turns).

Alarkh the Shooter (Mummy Hunter)                   Turns: 2246, Time: 00:03:59

Health: -4/33      AC:  9    Str: 15    XL:     4   Next: 57%
Magic:  4/4        EV: 11    Int: 11    God:
Gold:   79         SH:  0    Dex: 12    Spells: 0 memorised, 3 levels left

rFire  x . .     SeeInvis .     b - +1 dagger (protect) (curse)
rCold  + . .     Gourm    .     c - +0 leather armour
rNeg   + + +     Faith    .     (no shield)
rPois  ∞         Spirit   .     s - +1 hat
rElec  .         Dismiss  .     (no cloak)
rCorr  +         Reflect  .     (no gloves)
SustAt +         Harm     .     (no boots)
MR     .....                    (no amulet)
Stlth  +.........               n - ring of resist corrosion
                                l - ring of sustain attributes

@: not resistant to hostile enchantments, very unstealthy
A: no food or potions, fire vulnerability, cold resistance 1, negative energy
resistance 3, torment resistance, unbreathing
a: no special abilities


You were on level 4 of the Dungeon.
You were not hungry.

You visited 1 branch of the dungeon, and saw 4 of its levels.

You collected 79 gold pieces.

Inventory:

Hand Weapons
 a - a cursed +1 shortbow
 b - a cursed +1 dagger of protection (weapon)
 f - a +0 short sword
Missiles
 d - 9 arrows
Armour
 c - a +0 leather armour (worn)
 j - a cursed +0 helmet
 s - a +1 hat (worn)
Jewellery
 l - a ring of sustain attributes (left hand)
 n - a ring of resist corrosion (right hand)
Scrolls
 e - a scroll of identify
 g - a scroll of random uselessness
 h - a scroll of remove curse
 i - a scroll of magic mapping
 k - a scroll of teleportation
 m - a scroll of fog {unknown}
 p - 4 scrolls of amnesia {unknown}
 t - a scroll of enchant armour {unknown}
Books
 o - a book of Callings

   Spells                             Type                      Level
   a - Summon Small Mammal            Summoning                    1
   b - Call Imp                       Summoning                    2
   c - Call Canine Familiar           Summoning                    3
   d - Summon Guardian Golem          Hexes/Summoning              3
   e - Summon Lightning Spire         Summoning/Air                4
   f - Summon Ice Beast               Ice/Summoning                4
 q - a book of Beasts

   Spells                             Type                      Level
   a - Summon Butterflies             Summoning                    1
   b - Call Canine Familiar           Summoning                    3
   c - Summon Ice Beast               Ice/Summoning                4
   d - Summon Mana Viper              Hexes/Summoning              5
   e - Summon Hydra                   Summoning                    7
Miscellaneous
 r - a plain deck of destruction


   Skills:
 - Level 2.0 Fighting
 + Level 5.0 Bows
 - Level 1.5 Dodging
 - Level 0.7 Stealth


You had 3 spell levels left.
You didn't know any spells.

Dungeon Overview and Level Annotations

Branches:
Dungeon (4/15)
 Temple: D:4-7

Altars:
Nemelex Xobeh
Ru
Trog
Zin


Innate Abilities, Weirdness & Mutations

You do not eat or drink.
Your flesh is vulnerable to fire.
You are immune to poison.
Your flesh is cold resistant.
You are immune to negative energy.
You are immune to unholy pain and torment.
You can survive without breathing.


Message History

The adder barely misses you.
You closely miss the adder.
The adder is almost dead.
The adder bites you. x2
You closely miss the adder.
The adder is almost dead.
The adder barely misses you.
You hit the adder.
The adder is almost dead.
The adder bites you.
* * * LOW HITPOINT WARNING * * *
You hit the adder.
You kill the adder!
Your Bows skill increases to level 5!
The orc priest shouts!
An orc comes into view. It is wielding a mace.
The orc shouts!
The orc priest invokes the aid of Beogh against you.
Beogh smites you!
You die... ..........## ...........### #. .............## #.. ..............## #ooo

...............# #....
..............## #.....
.............## #......
.#..........## ##.......
######......####@......$
#####...##.........
##..#..........
#.............
#.............
#.............
##............
#............
#...........


You could see an orc priest, an orc wizard (wandering) and an orc.

Vanquished Creatures
  4 adders
  An ooze (D:3)
  2 worms
  2 dart slugs
  3 orcs (D:3)
  2 giant cockroaches
  6 goblins
  10 hobgoblins
  2 jackals (D:3)
  A ball python (D:3)
  5 bats
  2 giant newts
  10 kobolds
  5 rats
55 creatures vanquished.

Notes
Turn   | Place    | Note
--------------------------------------------------------------
     0 | D:1      | Alarkh the Mummy Hunter began the quest for the Orb.
     0 | D:1      | Reached XP level 1. HP: 16/16 MP: 1/1
   412 | D:1      | Reached XP level 2. HP: 22/22 MP: 2/2
   828 | D:2      | Found a sacrificial altar of Ru.
   858 | D:2      | Reached skill level 4 in Bows
  1189 | D:2      | Reached XP level 3. HP: 21/27 MP: 3/3
  1236 | D:2      | Found a glowing silver altar of Zin.
  1759 | D:3      | Found a faded altar to an unknown god.
  1767 | D:3      | Became a worshipper of Nemelex Xobeh the Trickster
  1767 | D:3      | Received a gift from Nemelex Xobeh
  1767 | D:3      | Reached * piety under Nemelex Xobeh
  1767 | D:3      | Fell from the grace of Nemelex Xobeh
  1825 | D:3      | Reached XP level 4. HP: 32/33 MP: 4/4
  1949 | D:3      | Found a bloodstained altar of Trog.
  2241 | D:4      | Reached skill level 5 in Bows
  2246 | D:4      | Killed from afar by an orc priest

Skill      XL: |  1  2  3  4 |
---------------+-------------+-----
Bows           | 4 5 |  5.0
Fighting       | |  2.0
Dodging        | |  1.5
Stealth        | |  0.7

Action                   |  1- 3 |  4- 6 || total
-------------------------+-------+-------++-------
Melee: Dagger            |   151 |    94 ||   245
 Fire: Shortbow          |    47 |       ||    47
Invok: Renounce Religion |     1 |       ||     1
  Use: Scroll            |     4 |       ||     4
 Stab: Sleeping          |       |     2 ||     2
Armor: Leather armour    |    64 |    41 ||   105
Dodge: Dodged            |   113 |    58 ||   171
